 Dungeon Crawl Stone Soup version 0.13.0-9-gbc74161 (webtiles) character file.

124 Bloax the Skirmisher (level 3, -3/24 HPs)
             Began as a Gargoyle Berserker on Oct 18, 2013.
             Was a Believer of Trog.
             Slain by an ogre
             ... wielding a +0,+0 giant club
              (21 damage)
             ... while paralysed by a potion of paralysis
             ... on Level 3 of the Dungeon.
             The game lasted 00:03:04 (443 turns).

Bloax the Skirmisher (Gargoyle Berserker)            Turns: 443, Time: 00:03:05

HP  -3/24        AC  5     Str 20      XL: 3   Next: 43%
MP   1/1         EV  2     Int  7      God: Trog [**....]
Gold 86          SH  0     Dex 10      Spells:  0 memorised,  2 levels left

Res.Fire  : . . .   See Invis. : .   a - +0 falchion
Res.Cold  : . . .   Warding    : .   b - +0 animal skin
Life Prot.: + . .   Conserve   : .   (no shield)
Res.Poison: +       Res.Corr.  : .   (no helmet)
Res.Elec. : +       Clarity    : .   (no cloak)
Sust.Abil.: + .     Spirit.Shd : .   (no gloves)
Res.Mut.  : .       Stasis     : .   (no boots)
Res.Rott. : +       Flight     : .   (no amulet)
Saprovore : . . .                    (no ring)
                                     f - ring of sustain abilities {sustab, unknown}

@: paralysed, exhausted, slowed, not resistant to hostile enchantments,
unstealthy
A: large and strong wings, fangs 1, talons 2, berserk 1, -10% mp, life
protection 1, electricity resistance, slow metabolism 1, unbreathing,
petrification resistance, AC +3
a: Fly, Burn Spellbooks, Berserk, Trog's Hand, Renounce Religion


You were on level 3 of the Dungeon.
You worshipped Trog.
Trog was pleased with you.
You were not hungry.

You visited 1 branch of the dungeon, and saw 3 of its levels.

You collected 66 gold pieces.


Innate Abilities, Weirdness & Mutations

You are resistant to torment.
You are immune to poison.
Your stone body is very resilient (AC +3).
You have very sharp teeth.
You have razor-sharp toenails.
You resist negative energy.
You are resistant to electric shocks.
You have a slow metabolism.
You can survive without breathing.
You are immune to petrification.
Your wings are large and strong.
You tend to lose your temper in combat.
Your magical capacity is low (-10% MP).


   Skills:
 + Level 3.8 Fighting
 * Level 3.4 Long Blades
 - Level 2.1 Armour
 + Level 1.8 Dodging


You had 2 spell levels left.
You didn't know any spells.

Dungeon Overview and Level Annotations

Branches:
Dungeon (3/27)

Altars:

Inventory:

Hand weapons
 a - a +0,+0 falchion (weapon)
Armour
 b - a +0 animal skin (worn)
Comestibles
 c - 2 bread rations
 d - 2 meat rations
Scrolls
 g - a scroll of noise {unknown}
 h - 2 scrolls of remove curse {unknown}
 j - 2 scrolls of identify {unknown}
 k - a scroll of recharging {unknown}
Jewellery
 f - a ring of sustain abilities (left hand) {sustab, unknown}
   (You found it on level 2 of the Dungeon)

...#..............###..........#.
...###..........### #............
#### #..........# #.........##.
##.######### ######'#### #.. ...#
#.# #######.#### #.# #........#
#.# ####........# ##.# #
#......%..O@# #..# #
...##..<.....# #.## # #........#
##.#######
#........#######......)..
#........#.)..)...#######
#..........######.# #
#........### #.# # ####.##### #.#
#.. #.#


You could see an ogre.


Message History

Use which ability? (? or * to list)
A red film seems to cover your vision as you go berserk!
You feel yourself moving faster!
You feel mighty!
You feel somewhat more hungry.
The kobold shouts!
A kobold comes into view. It is wielding a dwarven dagger.
Enter note: welcome to die You feel a strong urge to attack something.
The worm bites you.
You slash the worm! You claw the worm.
The worm is almost dead.
You barely miss the worm. You claw the worm.
You kill the worm!
Trog accepts your kill.
Unknown command.
You slash the goblin!
You kill the goblin!
Trog accepts your kill.
You slash the hobgoblin!
You kill the hobgoblin!
Trog accepts your kill.
You slash the kobold!
You kill the kobold!
Trog accepts your kill.
You are no longer berserk.
You are exhausted.
You feel yourself slow down. The kobold hits you but does no damage.
You barely miss the kobold. You claw the kobold, but do no damage.
The kobold hits you with a dwarven dagger.
You hit the kobold but do no damage. The kobold misses you.
The kobold closely misses you.
You closely miss the kobold.
The kobold hits you with a dwarven dagger.
The kobold misses you.
Unknown command.
You hit the kobold.
The kobold is almost dead.
The kobold barely misses you. The kobold hits you but does no damage.
Unknown command.
You closely miss the kobold. You claw the kobold.
You kill the kobold!
Trog accepts your kill.
You see here a dwarven dagger.
Unknown command.
Items here: %%% )) a short sword; a kobold corpse; a club; a hobgoblin corpse; a goblin corpse The kobold corpse is consumed in a column of flame.
The hobgoblin corpse is consumed in a column of flame.
The goblin corpse is slowly consumed by flames.
Found a meat ration.
An ogre comes into view. It is wielding a giant club.
The ogre shouts!
You see here a bread ration.
You see here a meat ration.
d - 2 meat rations (gained 1) Read which item? (? for menu, Esc to quit)
Okay, then.
You aren't carrying any items that can be evoked.
Drink which item? (? for menu, Esc to quit)
You feel extremely strange.
Your wings grow larger and stronger.
You feel less energetic.
You feel a little pissed off.
It was a potion of mutation.
The ogre closely misses you.
Drink which item? (? for menu, Esc to quit)
You suddenly lose the ability to move!
It was a potion of paralysis.
The ogre hits you but does no damage. The ogre hits you with a giant club!
Ouch! That really hurt!
You die...

Action                   || total
-------------------------++-------
Melee: Falchion          ||    64
Invok: Berserk           ||     4
  Use: Potion            ||     3

Vault maps used:
D:1:      onia_entry_handbag, minivault_24
D:2:      minmay_lizard_king
D:3:      first_bread

Notes
Turn   | Place    | Note
--------------------------------------------------------------
     0 | D:1      | Bloax, the Gargoyle Berserker, began the quest for the Orb.
     0 | D:1      | Reached XP level 1. HP: 14/14 MP: 0/0
     9 | D:1      | Bloax: give u
     9 | D:1      | Bloax: p
     9 | D:1      | Bloax: who do you think i am
    54 | D:2      | HP: 2/14 [inept staircase mimic (4)]
    63 | D:2      | Reached skill level 3 in Long Blades
    63 | D:2      | Reached XP level 2. HP: 4/19 MP: 1/1
   316 | D:3      | Reached XP level 3. HP: 7/24 MP: 2/2
   336 | D:3      | HP: 6/24 [giant newt (2)]
   384 | D:3      | HP: 6/24 [hobgoblin/club (3)]
   388 | D:3      | Acquired Trog's second power
   411 | D:3      | welcome to die
   435 | D:3      | Noticed an ogre
   441 | D:3      | Gained mutation: Your wings are large and strong. [potion of mutation]
   441 | D:3      | Gained mutation: Your magical capacity is low (-10% MP). [potion of mutation]
   441 | D:3      | Gained mutation: You tend to lose your temper in combat. [potion of mutation]
   442 | D:3      | archaeo: YOU FEEL A LITTLE PISSED OFF.
   442 | D:3      | Paralysed by a potion of paralysis for 5 turns
   443 | D:3      | Slain by an ogre

Vanquished Creatures
  An inept feature mimic (D:2)
  A worm (D:3)
  An ooze (D:2)
  An orc (D:3)
  A ball python (D:1)
  A bat (D:2)
  3 hobgoblins
  2 jackals (D:3)
  3 kobolds (D:3)
  A quokka (D:3)
  3 giant newts (D:3)
  2 goblins (D:3)
  A hobgoblin skeleton (D:3)
  A rat (D:3)
22 creatures vanquished.
